TOP OF THE 1ST |
Bethesda Atoms batting - Pitching for San Antonio BC : RHP Jackson Williams
|
Pitching: RHP Jackson Williams
|
|
Batting: RHB Conor Culver
|
0-0: Swinging Strike 0-1: Swinging Strike 0-2: Ball 1-2: Strikes out swinging
|
Batting: LHB Sandor Addicks
|
0-0: Called Strike 0-1: Ball 1-1: Ball 2-1: Foul Ball, location: 2F 2-2: Foul Ball, location: 2F 2-2: Ground out 1-3 (Groundball, 13S, EV 67.5 MPH)
|
Batting: RHB Meester Gobbles-Rooster
|
0-0: Ball 1-0: SINGLE (Line Drive, 6MD, EV 98.1 MPH)
|
Batting: SHB Brian Burt
|
0-0: Ball 1-0: Ball 2-0: Foul Ball, location: 2F 2-1: Foul Ball, location: 2F 2-2: Foul Ball, location: 2F 2-2: Foul Ball, location: 2F 2-2: Fielders Choice at 2nd, 6-4 (Groundball, 56, EV 81.2 MPH)
|
Top of the 1st over - 0 runs, 1 hit, 0 errors, 1 left on base; Bethesda 0 - San Antonio 0 |
BOTTOM OF THE 1ST |
San Antonio BC batting - Pitching for Bethesda Atoms : LHP Kevin Beckman
|
Pitching: LHP Kevin Beckman
|
|
Batting: RHB Jiao-long Xú
|
0-0: Called Strike 0-1: TRIPLE (Flyball, 78XD, EV 106.2 MPH)
|
Batting: LHB José Vera
|
0-0: Foul Ball, location: 2F 0-1: Foul Ball, location: 2F 0-2: Strikes out swinging
|
Batting: RHB Doug Day
|
0-0: Swinging Strike 0-1: Fly out, F7 (Flyball, 78M, EV 86.9 MPH) Runner from 3rd tags up, SCORES, throw by LF
|
Batting: RHB William Luna
|
0-0: Called Strike 0-1: SOLO HOME RUN (Line Drive, 78XD, EV 96.2 MPH), Distance : 424 ft
|
Batting: RHB Samuel Barlow
|
0-0: Swinging Strike 0-1: Foul Ball, location: 2F 0-2: Ball 1-2: Hit by Pitch
|
Batting: RHB Chad Valentín
|
0-0: Called Strike 0-1: Swinging Strike 0-2: Strikes out swinging
|
Bottom of the 1st over - 2 runs, 2 hits, 0 errors, 1 left on base; Bethesda 0 - San Antonio 2 |
TOP OF THE 2ND |
Bethesda Atoms batting - Pitching for San Antonio BC : RHP Jackson Williams
|
Batting: LHB Rafael Barrueco
|
0-0: Ball 1-0: Ball 2-0: Called Strike 2-1: Foul Ball, location: 2F 2-2: Ball 3-2: Strikes out swinging
|
Batting: RHB Tomás Gonzáles
|
0-0: Foul Ball, location: 2F 0-1: Ball 1-1: Called Strike 1-2: Ball 2-2: Foul Ball, location: 2F 2-2: Ground out U3 (Groundball, 34, EV 101.2 MPH)
|
Batting: RHB Wilson Mitchell
|
0-0: Called Strike 0-1: Ground out 6-3 (Groundball, 6, EV 81.9 MPH)
|
Top of the 2nd over - 0 runs, 0 hits, 0 errors, 0 left on base; Bethesda 0 - San Antonio 2 |
BOTTOM OF THE 2ND |
San Antonio BC batting - Pitching for Bethesda Atoms : LHP Kevin Beckman
|
Batting: SHB Dong-hua Jianbua
|
0-0: Ball 1-0: Called Strike 1-1: Ball 2-1: Fly out, F9 (Flyball, 9, EV 93.1 MPH)
|
Batting: RHB George Towns
|
0-0: Fly out, F9 (Flyball, 9D, EV 86.2 MPH)
|
Batting: RHB Francisco Ortíz
|
0-0: Ball 1-0: Called Strike 1-1: Ball 2-1: Ground out 6-3 (Groundball, 6M, EV 83.8 MPH)
|
Bottom of the 2nd over - 0 runs, 0 hits, 0 errors, 0 left on base; Bethesda 0 - San Antonio 2 |
TOP OF THE 3RD |
Bethesda Atoms batting - Pitching for San Antonio BC : RHP Jackson Williams
|
Batting: RHB Tomas van Noord
|
0-0: Called Strike 0-1: Ball 1-1: Foul Ball, location: 2F 1-2: Ball 2-2: Fly out, F7 (Line Drive, 7, EV 100.6 MPH)
|
Batting: SHB Ronald Beauregard
|
0-0: Swinging Strike 0-1: Ball 1-1: Ground out 4-3 (Groundball, 4M, EV 88.8 MPH)
|
Batting: RHB Conor Culver
|
0-0: SINGLE (Groundball, 34D, EV 98.8 MPH)
|
Batting: LHB Sandor Addicks
|
0-0: Ball 1-0: Ball 2-0: Swinging Strike 2-1: Ball 3-1: Base on Balls Conor Culver to second
|
Batting: RHB Meester Gobbles-Rooster
|
0-0: Ball 1-0: Fielders Choice at 2nd, 5-4 (Groundball, 5L, EV 88.8 MPH)
|
Top of the 3rd over - 0 runs, 1 hit, 0 errors, 2 left on base; Bethesda 0 - San Antonio 2 |
BOTTOM OF THE 3RD |
San Antonio BC batting - Pitching for Bethesda Atoms : LHP Kevin Beckman
|
Batting: RHB Jiao-long Xú
|
0-0: Ball 1-0: Foul Ball, location: 2F 1-1: Foul Ball, location: 2F 1-2: Ball 2-2: Fly out, F8 (Flyball, 89D, EV 98.8 MPH)
|
Batting: LHB José Vera
|
0-0: Ball 1-0: Ball 2-0: SINGLE (Line Drive, 7LS, EV 92.5 MPH)
|
Batting: RHB Doug Day
|
0-0: Foul Ball, location: 2F 0-1: Ball 1-1: Swinging Strike 1-2: Foul Ball, location: 2F 1-2: Foul Ball, location: 2F 1-2: Ball 2-2: Ball 3-2: Foul Ball, location: 2F 3-2: Foul Ball, location: 2F 3-2: Strikes out swinging
|
Batting: RHB William Luna
|
0-0: Fly out, F9 (Line Drive, 9D, EV 88.8 MPH)
|
Bottom of the 3rd over - 0 runs, 1 hit, 0 errors, 1 left on base; Bethesda 0 - San Antonio 2 |
TOP OF THE 4TH |
Bethesda Atoms batting - Pitching for San Antonio BC : RHP Jackson Williams
|
Batting: SHB Brian Burt
|
0-0: Foul Ball, location: 2F 0-1: Ball 1-1: Fly out, F6 (Flyball, 56D, EV 82.5 MPH)
|
Batting: LHB Rafael Barrueco
|
0-0: Fly out, F8 (Flyball, 8LD, EV 83.8 MPH)
|
Batting: RHB Tomás Gonzáles
|
0-0: Ball 1-0: Ball 2-0: Swinging Strike 2-1: Fly out, F7 (Flyball, 7LS, EV 94.4 MPH)
|
Top of the 4th over - 0 runs, 0 hits, 0 errors, 0 left on base; Bethesda 0 - San Antonio 2 |
BOTTOM OF THE 4TH |
San Antonio BC batting - Pitching for Bethesda Atoms : LHP Kevin Beckman
|
Batting: RHB Samuel Barlow
|
0-0: Called Strike 0-1: Ball 1-1: Ball 2-1: Ball 3-1: Ground out 1-3 (Groundball, 13S, EV 65.6 MPH)
|
Batting: RHB Chad Valentín
|
0-0: Called Strike 0-1: Ball 1-1: Fly out, F8 (Line Drive, 8RD, EV 83.8 MPH)
|
Batting: SHB Dong-hua Jianbua
|
0-0: Called Strike 0-1: Foul Ball, location: 2F 0-2: Foul Ball, location: 2F 0-2: Ball 1-2: Ball 2-2: Foul Ball, location: 2F 2-2: Ground out 4-3 (Groundball, 4, EV 89.4 MPH)
|
Bottom of the 4th over - 0 runs, 0 hits, 0 errors, 0 left on base; Bethesda 0 - San Antonio 2 |
TOP OF THE 5TH |
Bethesda Atoms batting - Pitching for San Antonio BC : RHP Jackson Williams
|
Batting: RHB Wilson Mitchell
|
0-0: Ball 1-0: Ground out 6-3 (Groundball, 6S, EV 69.4 MPH)
|
Batting: RHB Tomas van Noord
|
0-0: Swinging Strike 0-1: SINGLE (Groundball, 3D, EV 97.5 MPH)
|
Batting: SHB Ronald Beauregard
|
0-0: Swinging Strike 0-1: SINGLE (Groundball, 5D, EV 93.8 MPH) Tomas van Noord to second
|
Batting: RHB Conor Culver
|
0-0: Ball 1-0: Called Strike 1-1: Ball 2-1: Fielders Choice at 2nd, 3-6 (Groundball, 34, EV 105.0 MPH) Tomas van Noord to third
|
Batting: LHB Sandor Addicks
|
0-0: Ball 1-0: Called Strike 1-1: SINGLE (Groundball, 3D, EV 103.1 MPH) Tomas van Noord scores Conor Culver to second Runner from 2nd tries for 3rd, SAFE, throw by RF made to third
|
Pinch Runner at 3rd Juan Mata:
|
|
Batting: RHB Meester Gobbles-Rooster
|
0-0: Ground out 4-3 (Groundball, 34, EV 90.0 MPH)
|
Top of the 5th over - 1 run, 3 hits, 0 errors, 2 left on base; Bethesda 1 - San Antonio 2 |
BOTTOM OF THE 5TH |
San Antonio BC batting - Pitching for Bethesda Atoms : LHP Kevin Beckman
|
Now in LF: Joshua Neal
|
|
Batting: RHB George Towns
|
0-0: Ball 1-0: Ball 2-0: Called Strike 2-1: Ground out 6-3 (Groundball, 6, EV 76.9 MPH)
|
Batting: RHB Francisco Ortíz
|
0-0: Ball 1-0: Foul Ball, location: 2F 1-1: Ground out 6-3 (Groundball, 6, EV 81.9 MPH)
|
Batting: RHB Jiao-long Xú
|
0-0: Called Strike 0-1: SINGLE (Groundball, 6, EV 88.8 MPH) (infield hit)
|
Batting: LHB José Vera
|
0-0: Called Strike 0-1: Ball 1-1: Ball 2-1: Ball 3-1: Fly out, F8 (Flyball, 78D, EV 96.2 MPH)
|
Bottom of the 5th over - 0 runs, 1 hit, 0 errors, 1 left on base; Bethesda 1 - San Antonio 2 |
TOP OF THE 6TH |
Bethesda Atoms batting - Pitching for San Antonio BC : RHP Jackson Williams
|
Batting: SHB Brian Burt
|
0-0: Called Strike 0-1: Foul Ball, location: 2F 0-2: Fly out, F7 (Flyball, 78M, EV 83.8 MPH)
|
Batting: LHB Rafael Barrueco
|
0-0: Ball 1-0: Called Strike 1-1: Called Strike 1-2: Strikes out looking
|
Batting: RHB Tomás Gonzáles
|
0-0: Ground out 4-3 (Groundball, 4M, EV 103.1 MPH)
|
Top of the 6th over - 0 runs, 0 hits, 0 errors, 0 left on base; Bethesda 1 - San Antonio 2 |
BOTTOM OF THE 6TH |
San Antonio BC batting - Pitching for Bethesda Atoms : LHP Kevin Beckman
|
Batting: RHB Doug Day
|
0-0: Swinging Strike 0-1: Ball 1-1: Foul Ball, location: 2F 1-2: Hit by Pitch
|
Batting: RHB William Luna
|
0-0: DOUBLE (Groundball, 3L, EV 98.8 MPH) Doug Day to third
|
Batting: RHB Samuel Barlow
|
0-0: Ball 1-0: Called Strike 1-1: Fly out, F3 (Popup, 3SF, EV 76.2 MPH)
|
Batting: RHB Chad Valentín
|
0-0: Ball 1-0: Swinging Strike 1-1: Called Strike 1-2: Strikes out swinging
|
Batting: SHB Dong-hua Jianbua
|
0-0: Ball 1-0: Ball 2-0: Ball 3-0: Called Strike 3-1: Foul Ball, location: 2F 3-2: Base on Balls
|
Batting: RHB George Towns
|
0-0: Ball 1-0: Ball 2-0: Foul Ball, location: 2F 2-1: SINGLE (Flyball, 4MD, EV 90.0 MPH) Doug Day scores William Luna to third Dong-hua Jianbua to second Runner from 3rd tries for Home, SAFE, throw by CF to home
|
Batting: RHB Francisco Ortíz
|
0-0: Foul Ball, location: 2F 0-1: Ball 1-1: Foul Ball, location: 2F 1-2: Strikes out swinging
|
Bottom of the 6th over - 2 runs, 2 hits, 0 errors, 2 left on base; Bethesda 1 - San Antonio 4 |
TOP OF THE 7TH |
Bethesda Atoms batting - Pitching for San Antonio BC : RHP Jackson Williams
|
Batting: RHB Wilson Mitchell
|
0-0: Called Strike 0-1: Ball 1-1: Foul Ball, location: 2F 1-2: Foul Ball, location: 2F 1-2: Ball 2-2: Strikes out swinging
|
Batting: RHB Tomas van Noord
|
0-0: Ball 1-0: Called Strike 1-1: Ball 2-1: Ball 3-1: Base on Balls
|
Batting: SHB Ronald Beauregard
|
0-0: Called Strike 0-1: Ball 1-1: Ball 2-1: SINGLE (Groundball, 3D, EV 105.6 MPH) Tomas van Noord to second Runner from 2nd tries for 3rd, SAFE, throw by RF made to third
|
Pitching: RHP Shadi Zafar
|
|
Batting: RHB Joshua Neal
|
0-0: Called Strike 0-1: Ball 1-1: SINGLE (Line Drive, 8RS, EV 94.4 MPH) Tomas van Noord scores Ronald Beauregard to second Runner from 2nd tries for 3rd, SAFE, throw by CF made to third
|
Batting: LHB Sandor Addicks
|
0-0: Called Strike 0-1: Foul Ball, location: 2F 0-2: Ball 1-2: Fly out, F8 (Line Drive, 8LM, EV 96.2 MPH) Runner from 3rd tags up, OUT at HOME! 8-2
|
Top of the 7th over - 1 run, 2 hits, 0 errors, 1 left on base; Bethesda 2 - San Antonio 4 |
BOTTOM OF THE 7TH |
San Antonio BC batting - Pitching for Bethesda Atoms : LHP Kevin Beckman
|
Batting: RHB Jiao-long Xú
|
0-0: Ball 1-0: Ball 2-0: Foul Ball, location: 2F 2-1: Fly out, F9 (Line Drive, 9D, EV 99.4 MPH)
|
Pitching: RHP Jack Tucker
|
|
Batting: LHB José Vera
|
0-0: Ball 1-0: Called Strike 1-1: Called Strike 1-2: Ground out U3 (Groundball, 34, EV 89.4 MPH)
|
Batting: RHB Doug Day
|
0-0: Foul Ball, location: 2F 0-1: Fly out, F7 (Flyball, 7S, EV 88.1 MPH)
|
Bottom of the 7th over - 0 runs, 0 hits, 0 errors, 0 left on base; Bethesda 2 - San Antonio 4 |
TOP OF THE 8TH |
Bethesda Atoms batting - Pitching for San Antonio BC : RHP Shadi Zafar
|
Batting: RHB Meester Gobbles-Rooster
|
0-0: Fly out, F8 (Flyball, 8LXD, EV 86.2 MPH)
|
Batting: SHB Brian Burt
|
0-0: Ball 1-0: Ball 2-0: Ball 3-0: Base on Balls
|
Pinch Runner at 1st Kian Curling:
|
|
Batting: LHB Rafael Barrueco
|
0-0: Grounds into double play, 5-4-3 (Groundball, 56, EV 105.0 MPH)
|
Top of the 8th over - 0 runs, 0 hits, 0 errors, 0 left on base; Bethesda 2 - San Antonio 4 |
BOTTOM OF THE 8TH |
San Antonio BC batting - Pitching for Bethesda Atoms : RHP Jack Tucker
|
Now at 1B: Alan Hubbard
|
|
Batting: RHB William Luna
|
0-0: Ball 1-0: Foul Ball, location: 2F 1-1: Swinging Strike 1-2: Ball 2-2: Foul Ball, location: 2F 2-2: SINGLE (Line Drive, 34D, EV 98.1 MPH)
|
Batting: RHB Samuel Barlow
|
0-0: Ball 1-0: Called Strike 1-1: Ball 2-1: SINGLE (Line Drive, 89S, EV 105.0 MPH) William Luna to second
|
Batting: RHB Chad Valentín
|
0-0: Swinging Strike 0-1: Called Strike 0-2: Strikes out swinging
|
Batting: SHB Dong-hua Jianbua
|
0-0: Ball 1-0: Foul Ball, location: 2F 1-1: Fly out, F9 (Flyball, 9LS, EV 79.4 MPH)
|
Batting: RHB George Towns
|
0-0: Ball 1-0: Foul Ball, location: 2F 1-1: Ball 2-1: Swinging Strike 2-2: Foul Ball, location: 2F 2-2: Foul Ball, location: 2F 2-2: Strikes out looking
|
Bottom of the 8th over - 0 runs, 2 hits, 0 errors, 2 left on base; Bethesda 2 - San Antonio 4 |
TOP OF THE 9TH |
Bethesda Atoms batting - Pitching for San Antonio BC : RHP Shadi Zafar
|
Pitching: RHP Willie Dustice
|
|
Batting: RHB Tomás Gonzáles
|
0-0: Fly out, F9 (Flyball, 9LS, EV 95.0 MPH)
|
Batting: RHB Wilson Mitchell
|
0-0: Foul Ball, location: 2F 0-1: Called Strike 0-2: Foul Ball, location: 2F 0-2: SINGLE (Groundball, 6D, EV 94.4 MPH)
|
Batting: RHB Tomas van Noord
|
0-0: Foul Ball, location: 2F 0-1: Foul Ball, location: 2F 0-2: Strikes out swinging
|
Pinch Hitting: RHB Preston Johnston
|
0-0: Swinging Strike 0-1: SINGLE (Groundball, 34S, EV 66.9 MPH) (infield hit) Wilson Mitchell to second
|
Batting: RHB Joshua Neal
|
0-0: DOUBLE (Line Drive, 9LM, EV 94.4 MPH) Wilson Mitchell scores Preston Johnston to third Runner from 3rd tries for Home, SAFE, throw by RF to trailing runner, SAFE at third!
|
Batting: LHB Sandor Addicks
|
0-0: Foul Ball, location: 2F 0-1: Foul Ball, location: 2F 0-2: Ball 1-2: Ball 2-2: Ball 3-2: Foul Ball, location: 2F 3-2: Foul Ball, location: 2F 3-2: Foul Ball, location: 2F 3-2: Foul Ball, location: 2F 3-2: 2-RUN HOME RUN (Flyball, 89XD, EV 87.5 MPH), Distance : 408 ft
|
Pitching: RHP Lou Cain
|
|
Batting: RHB Meester Gobbles-Rooster
|
0-0: SINGLE (Groundball, 4MD, EV 94.4 MPH)
|
Batting: RHB Alan Hubbard
|
0-0: Swinging Strike 0-1: Ball 1-1: Ball 2-1: Ball 3-1: Ground out 4-3 (Groundball, 4, EV 87.5 MPH)
|
Top of the 9th over - 4 runs, 5 hits, 0 errors, 1 left on base; Bethesda 6 - San Antonio 4 |
BOTTOM OF THE 9TH |
San Antonio BC batting - Pitching for Bethesda Atoms : RHP Jack Tucker
|
Pitching: RHP Suhaila Zainuddin
|
|
Now at C: Will Lee
|
|
Batting: RHB Francisco Ortíz
|
0-0: Fly out, F5 (Line Drive, 5, EV 68.1 MPH)
|
Batting: RHB Jiao-long Xú
|
0-0: Ground out 6-3 (Groundball, 6S, EV 80.6 MPH)
|
Batting: LHB José Vera
|
0-0: Ball 1-0: Foul Ball, location: 2F 1-1: Fly out, F7 (Flyball, 7S, EV 91.2 MPH)
|
Bottom of the 9th over - 0 runs, 0 hits, 0 errors, 0 left on base; Bethesda 6 - San Antonio 4 |
|